 Dungeon Crawl Stone Soup version 0.14-a0-1765-g49ce880 (webtiles) character file.

394 PolkaDot the Vexing (level 5, 0/38 HPs)
             Began as a Vampire Enchanter on Jan 5, 2014.
             Engulfed by a cloud of flame (22 damage)
             ... on Level 2 of the Dungeon.
             The game lasted 00:10:10 (2404 turns).

PolkaDot the Vexing (Vampire Enchanter)             Turns: 2404, Time: 00:10:10

HP   0/38        AC  4     Str  8      XL: 5   Next: 92%
MP   9/9         EV 12     Int 17      God:
Gold 138         SH  0     Dex 14      Spells:  1 memorised,  7 levels left

rFire  . . .     SeeInvis +     j - +0 cutlass
rCold  . . .     Clarity  .     b - +1 robe
rNeg   . . .     Conserve .     (no shield)
rPois  .         rCorr    .     a - +0 cap
rElec  .         rRot     .     (no cloak)
SustAb . .       Spirit   .     l - +0 pair of orc gloves
rMut   .         Warding  .     (no boots)
Saprov . . .     Stasis   .     (no amulet)
                                (no ring)
                                (no ring)

@: regenerating quickly, slightly resistant to hostile enchantments, stealthy
A: fangs 3, see invisible, unbreathing
a: no special abilities


You were on level 2 of the Dungeon.
You were very full.

You visited 1 branch of the dungeon, and saw 3 of its levels.

You collected 138 gold pieces.

Inventory:

Hand weapons
 e - a +4,+2 elven dagger
 j - a +0,+0 cutlass (weapon)
Missiles
 d - 12 darts (quivered)
Armour
 a - a +0 cap (worn)
 b - a +1 robe (worn)
 l - a +0 pair of orcish gloves (worn)
Scrolls
 g - 3 scrolls of noise
 h - a scroll of remove curse
 k - a scroll of immolation
Potions
 f - a potion of paralysis {!q}
 m - a potion of degeneration {!q}
 o - a potion of restore abilities
Books
 c - a book of Maledictions

   Spells                             Type                      Level
   *Corona                            Hexes                        1
   Sure Blade                         Hexes/Charms                 2
   Ensorcelled Hibernation            Hexes/Ice                    2
   Confuse                            Hexes                        3
   Enslavement                        Hexes                        4
   Invisibility                       Hexes                        6


   Skills:
 + Level 2.2 Fighting
 + Level 3.5 Short Blades
 - Level 0.7 Throwing
 - Level 2.1 Dodging
 - Level 3.0 Stealth
 - Level 2.0 Spellcasting
 * Level 7.4 Hexes


You had 7 spell levels left.
You knew the following spells:

 Your Spells              Type           Power        Failure   Level  Hunger
a - Corona                Hex            ####...      1%          1    #......


Dungeon Overview and Level Annotations

Branches:
Dungeon (3/16)

Altars:


Innate Abilities, Weirdness & Mutations

Your natural rate of healing is unusually fast.
You have razor-sharp teeth.*
You have supernaturally acute eyesight.
You can survive without breathing.*


Message History

j - a cutlass Wield which item (- for none, * to show all)? (? for menu, Esc to quit)
j - a +0,+0 cutlass (weapon)
Read which item? (? for menu, Esc to quit)
Okay, then.
Really walk into a travel-excluded area?
Your magical contamination has completely faded away.
A rat comes into view.
Drink which item? (? for menu, Esc to quit)
Okay, then.
Read which item? (? for menu, Esc to quit)
As you read the scroll of fog, it crumbles to dust.
The scroll dissolves into smoke.
Really walk into that cloud of flame?
You are engulfed in roaring flames.
One of your 2 scrolls of remove curse catches fire!
Really walk into that cloud of flame?
You are engulfed in roaring flames.
Ouch! That really hurt!
You die...

######'###%#####...########...
#..............'..............
#.#####...######...#########..
#.# #§§§# #...# #....... #.#
#.§§# ##### #....... #.# #§§§#
#....... #.#####.§§######
#########.
#..§§§..§§§§§§.######.....###.
#...§§..§§.§§@................
##.§§§..§§§§§§r######.....###.
######..§#####...............
#§.§# #####....####.#. #§§.#
#.......'....#. #§§§#
#.##.)..#...... #...#
#.##....#.##^## #####
#.##....#.#####
#.##....#......


You could see a rat.

Vanquished Creatures
  Sigmund (D:3)
  2 orc priests (D:3)
  3 adders
  A worm (D:3)
  4 giant geckos
  9 orcs (D:3)
  13 hobgoblins
  12 jackals
  8 bats
  5 giant cockroaches
  4 giant newts
  7 goblins
  5 kobolds
  5 rats (D:1)
79 creatures vanquished.

Notes
Turn   | Place    | Note
--------------------------------------------------------------
     0 | D:1      | PolkaDot, the Vampire Enchanter, began the quest for the Orb.
     0 | D:1      | Reached XP level 1. HP: 13/13 MP: 3/3
   124 | D:1      | Reached XP level 2. HP: 11/20 MP: 2/4
   182 | D:1      | Reached skill level 5 in Hexes
   630 | D:1      | Reached XP level 3. HP: 17/25 MP: 6/6
   837 | D:2      | Reached skill level 1 in Fighting
  1068 | D:2      | Reached XP level 4. HP: 27/32 MP: 7/7
  1750 | D:3      | Reached skill level 6 in Hexes
  1953 | D:3      | Noticed Sigmund
  1962 | D:3      | Killed Sigmund
  1962 | D:3      | Reached XP level 5. HP: 9/38 MP: 9/9
  2011 | D:3      | Reached skill level 7 in Hexes
  2404 | D:2      | Engulfed by a cloud of flame

Action                   |  1- 3 |  4- 6 || total
-------------------------+-------+-------++-------
Melee: Dagger            |   173 |   119 ||   292
 Cast: Corona            |     5 |     2 ||     7
  Use: Potion            |     1 |     6 ||     7
       Scroll            |       |    13 ||    13
 Stab: Sleeping          |     5 |     4 ||     9
       Invisible         |       |     6 ||     6
